 Dungeon Crawl Stone Soup version 0.31.0-32-g396128a36d (webtiles) character file.

Game seed: 431157607868546465

302 Metae the Trooper (level 6, 0/55 HPs)
             Began as a Minotaur Fighter on Mar 26, 2024.
             Incinerated by a bombardier beetle (3 damage)
             ... with a burning spray
             ... on level 4 of the Dungeon.
             The game lasted 00:05:42 (2527 turns).

Metae the Trooper (Minotaur Fighter)                Turns: 2527, Time: 00:05:42

Health: 0/55       AC: 11    Str: 23    XL:     6   Next: 14%
Magic:  5/5        EV:  6    Int:  5    God:
Gold:   156        SH: 12    Dex:  9    Spells: 5/5 levels left

rFire   . . .        a - +0 trident
rCold   . . .        v - +0 tower shield
rNeg    . . .        s - +0 chain mail
rPois   .            (helmet restricted)
rElec   .            (no cloak)
rCorr   .            l - +0 pair of gloves
SInv    +            (no boots)
Will    .....        (no amulet) Stlth
                     e - ring of see invisible
HPRegen 0.29/turn    (no ring)
MPRegen 0.09/turn

%: no passive effects
@: on fire, glowing
A: horns 2, retaliatory headbutt
a: no special abilities


You were on level 4 of the Dungeon.
You visited 1 branch of the dungeon, and saw 4 of its levels.

You collected 219 gold pieces.
You spent 63 gold pieces at shops.

Inventory:

Hand Weapons
 a - a +0 trident (weapon)
Armour
 l - a +0 pair of gloves (worn)
 s - a +0 chain mail (worn)
 v - a +0 tower shield (worn)
Jewellery
 e - a ring of see invisible (left hand)
 j - an amulet of guardian spirit
Wands
 b - a wand of paralysis (6)
Scrolls
 k - a scroll of amnesia
 n - a scroll of torment
 p - a scroll of enchant weapon
 r - 2 scrolls of vulnerability
 t - a scroll of butterflies
 u - a scroll of fear
 w - a scroll of enchant armour {unknown}
Potions
 c - 2 potions of berserk rage {unknown}
 d - 2 potions of might
 f - a potion of enlightenment {unknown}
 g - 3 potions of curing {unknown}
 h - 2 potions of brilliance
 i - a potion of invisibility {unknown}
 m - 2 potions of heal wounds {unknown}
 o - 3 potions of haste {unknown}
 q - a potion of attraction {unknown}


   Skills:
 + Level 4.9 Fighting
 + Level 4.1 Polearms
 + Level 4.9 Armour
 + Level 2.7 Dodging
 + Level 4.9 Shields


You had 5 spell levels left.
You didn't know any spells.
Your spell library was empty.

Dungeon Overview and Level Annotations

Branches:
Dungeon (4/15)
 Temple: D:4-7

Altars:
Fedhas

Shops:
D:4 *


Innate Abilities, Weirdness & Mutations

You have a pair of horns on your head.
You reflexively headbutt those who attack you in melee.


Message History

The bombardier beetle sprays incendiary fluid at you.
The burning spray hits you.
You are covered in liquid fire!
You hit the bombardier beetle.
The bombardier beetle is severely wounded.
The liquid fire burns you!
The bombardier beetle bites you but does no damage.
You completely miss the bombardier beetle.
The bombardier beetle is severely wounded.
The liquid fire burns you!
You block the bombardier beetle's attack.
You hit the bombardier beetle but do no damage.
The bombardier beetle is severely wounded.
The liquid fire burns you!
The bombardier beetle sprays incendiary fluid at you.
The burning spray hits you.
You are even more covered in liquid fire!
You hit the bombardier beetle but do no damage.
The bombardier beetle is severely wounded.
The liquid fire burns you! The bombardier beetle bites you.
You barely miss the bombardier beetle. You headbutt the bombardier beetle!
You kill the bombardier beetle!
The liquid fire burns you!
* * * LOW HITPOINT WARNING * * *
You are on fire!
You are on fire!
You are on fire!
You shake off some of the fire as you move.
The liquid fire burns you!
* * * LOW HITPOINT WARNING * * *
You shake off some of the fire as you move.
The liquid fire burns you!
* * * LOW HITPOINT WARNING * * *
You shake off some of the fire as you move.
The liquid fire burns you!
* * * LOW HITPOINT WARNING * * *
You are on fire!
The liquid fire burns you!
You die...

###...##.#####.# #
#.........##.######
########.##.#.......#
...# #.##.#.)####.#
##.# #.......####.#
##.########...)).##.#
##.......####.##.##.#
.#.......# #.##.##.#
.........# #...@...#
.....>...# ####.####
.........# #.#
.........# #.#
...†.....# #.#
#.######## #.# #.##
..# ...# ###
..#######


There were no monsters in sight!

Vanquished Creatures
  An ogre (D:4)
  A bombardier beetle (D:4)
  A hound (D:4)
  Jessica (D:2)
  5 adders
  A dart slug (D:3)
  A ribbon worm (D:3)
  7 orcs
  8 ball pythons
  6 bats
  8 endoplasms
  A giant cockroach (D:4)
  6 goblins
  6 hobgoblins
  2 jackals (D:2)
  4 kobolds
  2 quokkas
  5 frilled lizards
  2 rats
68 creatures vanquished.

Notes
Turn   | Place    | Note
-------+----------+-------------------------------------------
     0 | D:1      | Metae the Minotaur Fighter began the quest for the Orb.
     0 | D:1      | Reached XP level 1. HP: 19/19 MP: 0/0
   158 | D:1      | Reached XP level 2. HP: 27/27 MP: 1/1
   709 | D:2      | Noticed Jessica
   712 | D:2      | Killed Jessica
   713 | D:2      | Reached skill level 1 in Dodging
   713 | D:2      | Reached XP level 3. HP: 33/33 MP: 2/2
  1020 | D:2      | Reached XP level 4. HP: 40/40 MP: 3/3
  1289 | D:3      | Found a blossoming altar of Fedhas.
  1641 | D:3      | Found a faded altar of an unknown god.
  2082 | D:4      | Noticed an ogre
  2089 | D:4      | Killed an ogre
  2090 | D:4      | Reached XP level 5. HP: 26/47 MP: 4/4
  2194 | D:4      | Found Niub's Mass Market.
  2198 | D:4      | Bought a +0 tower shield for 63 gold pieces
  2494 | D:4      | Reached XP level 6. HP: 55/55 MP: 5/5
  2526 | D:4      | HP: 2/55 [burnt (4)]
  2527 | D:4      | Incinerated by a bombardier beetle

Illustrated notes

Levels and vault maps discovered:
D:1:      ncdulo_lavacross, layout_loops_ring, minivault_26,
          chequers_serial_rivers_large_a, minmay_pentomino_z4
D:2:      layout_basic, uniq_jessica
D:3:      layout_basic, fedhas_altar_1, shapermc_ecumenical_altar_ellora,
          minmay_randomly_rotated_circles
D:4:      layout_loops_cross, serial_shops, nicolae_shop_peninsula,
          minmay_shop_mass

Skill      XL: |  1  2  3  4  5 |
---------------+----------------+-----
Fighting       | 4 |  4.9
Polearms       | 3 4 |  4.1
Armour         | 4 |  4.9
Dodging        | 1 2 |  2.7
Shields        | 4 |  4.9

Action                     |  1- 3 |  4- 6 || total
---------------------------+-------+-------++-------
  Melee: Trident           |    51 |   104 ||   155
         Headbutt          |     4 |    18 ||    22
    Use: Scroll            |       |     7 ||     7
 Armour: Scale mail        |    20 |    22 ||    42
         Chain mail        |       |    21 ||    21
  Dodge: Dodged            |    19 |    23 ||    42
  Block: Buckler           |     8 |    10 ||    18
         Tower shield      |       |    11 ||    11
